| TOP OF THE 1ST |
|
Augusta GreenJackets batting - Pitching for Greensboro Grasshoppers : RHP Earl Shepherd
|
|
Pitching: RHP Earl Shepherd
|
|
|
Batting: RHB Danny Gallo
|
0-0: Swinging Strike 0-1: Ball 1-1: Swinging Strike 1-2: Foul Ball, location: 2F 1-2: Ball 2-2: Strikes out swinging
|
|
Batting: RHB Mike Buchanan
|
0-0: Ball 1-0: Ball 2-0: Ball 3-0: Base on Balls
|
|
Batting: LHB Carey Horncole
|
0-0: Ball Mike Buchanan steals 2nd base 1-0: Called Strike 1-1: Foul Ball, location: 2F 1-2: Ball 2-2: Strikes out swinging
|
|
Batting: LHB Gabe Velez
|
0-0: Swinging Strike 0-1: Ball 1-1: Ball 2-1: Foul Ball, location: 2F 2-2: Strikes out swinging
|
| Top of the 1st over - 0 runs, 0 hits, 0 errors, 1 left on base; Augusta 0 - Greensboro 0 |
| BOTTOM OF THE 1ST |
|
Greensboro Grasshoppers batting - Pitching for Augusta GreenJackets : RHP Josh Harriston
|
|
Pitching: RHP Josh Harriston
|
|
|
Batting: RHB Tom Thompson
|
0-0: Ball 1-0: Ground out 5-3 (Groundball, 56S, EV 86.9 MPH)
|
|
Batting: RHB Torquato Obawole
|
0-0: Swinging Strike 0-1: Ball 1-1: Called Strike 1-2: DOUBLE (Flyball, 8RXD, EV 105.0 MPH)
|
|
Batting: RHB Isaiah Brockman
|
0-0: Ball 1-0: Ball 2-0: Ball 3-0: Called Strike 3-1: Called Strike 3-2: Ground out 5-3 (Groundball, 56, EV 81.3 MPH)
|
|
Batting: RHB Jake Shelton
|
0-0: Ball 1-0: Foul Ball, location: 2F 1-1: Fly out, F8 (Flyball, 78D, EV 96.9 MPH)
|
| Bottom of the 1st over - 0 runs, 1 hit, 0 errors, 1 left on base; Augusta 0 - Greensboro 0 |
| TOP OF THE 2ND |
|
Augusta GreenJackets batting - Pitching for Greensboro Grasshoppers : RHP Earl Shepherd
|
|
Batting: RHB Chris King
|
0-0: Foul Ball, location: 2F 0-1: Foul Ball, location: 2F 0-2: Strikes out swinging
|
|
Batting: LHB Terry Ebersole
|
0-0: Ball 1-0: Fly out, F3 (Popup, 3, EV 78.1 MPH)
|
|
Batting: RHB Doug Kennie
|
0-0: Ball 1-0: Foul Ball, location: 2F 1-1: Called Strike 1-2: Foul Ball, location: 2F 1-2: Strikes out swinging
|
| Top of the 2nd over - 0 runs, 0 hits, 0 errors, 0 left on base; Augusta 0 - Greensboro 0 |
| BOTTOM OF THE 2ND |
|
Greensboro Grasshoppers batting - Pitching for Augusta GreenJackets : RHP Josh Harriston
|
|
Batting: RHB Boof Howell
|
0-0: TRIPLE (Flyball, 8LXD, EV 103.1 MPH)
|
|
Batting: RHB Masumitsu Sugiura
|
0-0: Ball 1-0: Foul Ball, location: 2F 1-1: Ball 2-1: Swinging Strike 2-2: Fly out, F8 (Flyball, 8RS, EV 94.4 MPH)
|
|
Batting: RHB Jordan Arcidez
|
0-0: Ball 1-0: Foul Ball, location: 2F 1-1: Foul Ball, location: 2F 1-2: Hit by Pitch
|
|
Batting: RHB Bob Raine
|
0-0: Ball Jordan Arcidez steals 2nd base 1-0: Swinging Strike 1-1: Ball 2-1: Swinging Strike 2-2: Fly out, F6 (Line Drive, 6, EV 71.3 MPH)
|
|
Batting: RHB Wei-guo Tsu
|
0-0: SINGLE (Line Drive, 8RS, EV 93.8 MPH) Boof Howell scores Jordan Arcidez to third
|
|
Batting: RHB Tom Thompson
|
0-0: Ball 1-0: Fielders Choice at 2nd, 5-4 (Groundball, 5, EV 88.1 MPH)
|
| Bottom of the 2nd over - 1 run, 2 hits, 0 errors, 2 left on base; Augusta 0 - Greensboro 1 |
| TOP OF THE 3RD |
|
Augusta GreenJackets batting - Pitching for Greensboro Grasshoppers : RHP Earl Shepherd
|
|
Batting: RHB Juan Flores
|
0-0: Ball 1-0: Swinging Strike 1-1: Called Strike 1-2: Ball 2-2: Foul Ball, location: 2F 2-2: Fly out, F5 (Line Drive, 5, EV 68.1 MPH)
|
|
Batting: LHB John Whitman
|
0-0: Called Strike 0-1: Fly out, F8 (Flyball, 8LD, EV 93.1 MPH)
|
|
Batting: RHB Danny Gallo
|
0-0: Called Strike 0-1: Ball 1-1: Ball 2-1: Swinging Strike 2-2: SINGLE (Groundball, 4MD, EV 98.8 MPH)
|
|
Batting: RHB Mike Buchanan
|
0-0: Ball Danny Gallo is caught stealing 2nd base 2-4
|
| Top of the 3rd over - 0 runs, 1 hit, 0 errors, 0 left on base; Augusta 0 - Greensboro 1 |
| BOTTOM OF THE 3RD |
|
Greensboro Grasshoppers batting - Pitching for Augusta GreenJackets : RHP Josh Harriston
|
|
Batting: RHB Torquato Obawole
|
0-0: Ground out 4-3 (Groundball, 4, EV 91.9 MPH)
|
|
Batting: RHB Isaiah Brockman
|
0-0: Ball 1-0: Ground out U3 (Groundball, 34, EV 106.3 MPH)
|
|
Batting: RHB Jake Shelton
|
0-0: Ball 1-0: Called Strike 1-1: Ball 2-1: Ball 3-1: SINGLE (Line Drive, 89S, EV 94.4 MPH)
|
|
Batting: RHB Boof Howell
|
Pickoff Throw to First - Out! 1-3
|
| Bottom of the 3rd over - 0 runs, 1 hit, 0 errors, 0 left on base; Augusta 0 - Greensboro 1 |
| TOP OF THE 4TH |
|
Augusta GreenJackets batting - Pitching for Greensboro Grasshoppers : RHP Earl Shepherd
|
|
Batting: RHB Mike Buchanan
|
0-0: Called Strike 0-1: Ground out 4-3 (Groundball, 4, EV 79.4 MPH)
|
|
Batting: LHB Carey Horncole
|
0-0: Ball 1-0: Called Strike 1-1: Ball 2-1: Ball 3-1: Base on Balls
|
|
Batting: LHB Gabe Velez
|
0-0: Foul Ball, location: 2F 0-1: Ball 1-1: Foul Ball, location: 2F 1-2: Ball 2-2: Foul Ball, location: 2F 2-2: Fielders Choice at 2nd, 4-6 (Groundball, 4, EV 83.8 MPH)
|
|
Batting: RHB Chris King
|
0-0: Ball 1-0: Swinging Strike 1-1: Swinging Strike 1-2: Strikes out looking
|
| Top of the 4th over - 0 runs, 0 hits, 0 errors, 1 left on base; Augusta 0 - Greensboro 1 |
| BOTTOM OF THE 4TH |
|
Greensboro Grasshoppers batting - Pitching for Augusta GreenJackets : RHP Josh Harriston
|
|
Batting: RHB Boof Howell
|
0-0: Ball 1-0: DOUBLE (Groundball, 5L, EV 102.5 MPH)
|
|
Batting: RHB Masumitsu Sugiura
|
0-0: Ball 1-0: Foul Ball, location: 2F 1-1: Ball 2-1: Fly out, F2 (Popup, 25F, EV 91.9 MPH)
|
|
Batting: RHB Jordan Arcidez
|
0-0: Ball 1-0: Ball 2-0: Called Strike 2-1: Swinging Strike 2-2: Foul Ball, location: 2F 2-2: Ball 3-2: Base on Balls
|
|
Batting: RHB Bob Raine
|
0-0: Ball 1-0: Ball 2-0: Foul Ball, location: 2F 2-1: Grounds into double play, 6-4-3 (Groundball, 6D, EV 100.0 MPH)
|
| Bottom of the 4th over - 0 runs, 1 hit, 0 errors, 1 left on base; Augusta 0 - Greensboro 1 |
| TOP OF THE 5TH |
|
Augusta GreenJackets batting - Pitching for Greensboro Grasshoppers : RHP Earl Shepherd
|
|
Batting: LHB Terry Ebersole
|
0-0: Called Strike 0-1: Swinging Strike 0-2: Ball 1-2: Strikes out swinging
|
|
Batting: RHB Doug Kennie
|
0-0: Ball 1-0: Foul Ball, location: 2F 1-1: Swinging Strike 1-2: Foul Ball, location: 2F 1-2: Strikes out looking
|
|
Batting: RHB Juan Flores
|
0-0: Called Strike 0-1: Swinging Strike 0-2: Strikes out looking
|
| Top of the 5th over - 0 runs, 0 hits, 0 errors, 0 left on base; Augusta 0 - Greensboro 1 |
| BOTTOM OF THE 5TH |
|
Greensboro Grasshoppers batting - Pitching for Augusta GreenJackets : RHP Josh Harriston
|
|
Batting: RHB Wei-guo Tsu
|
0-0: DOUBLE (Groundball, 5L, EV 100.6 MPH)
|
|
Batting: RHB Tom Thompson
|
0-0: Fly out, F7 (Flyball, 78M, EV 96.3 MPH)
|
|
Batting: RHB Torquato Obawole
|
0-0: Called Strike 0-1: Ball 1-1: Called Strike 1-2: Ground out 5-3 (Groundball, 5, EV 102.5 MPH)
|
|
Batting: RHB Isaiah Brockman
|
0-0: Called Strike 0-1: Foul Ball, location: 2F 0-2: Foul Ball, location: 2F 0-2: Ball 1-2: Ball Passed Ball! Wei-guo Tsu to third 2-2: Ball 3-2: Foul Ball, location: 2F 3-2: Foul Ball, location: 2F 3-2: Foul Ball, location: 2F 3-2: Base on Balls
|
|
Batting: RHB Jake Shelton
|
0-0: Ball 1-0: Swinging Strike 1-1: Foul Ball, location: 2F 1-2: Strikes out swinging
|
| Bottom of the 5th over - 0 runs, 1 hit, 0 errors, 2 left on base; Augusta 0 - Greensboro 1 |
| TOP OF THE 6TH |
|
Augusta GreenJackets batting - Pitching for Greensboro Grasshoppers : RHP Earl Shepherd
|
|
Batting: LHB John Whitman
|
0-0: Ball 1-0: Ball 2-0: Fly out, F9 (Line Drive, 9, EV 103.8 MPH)
|
|
Batting: RHB Danny Gallo
|
0-0: Ball 1-0: Ball 2-0: Called Strike 2-1: Called Strike 2-2: Foul Ball, location: 2F 2-2: Ball 3-2: Ground out U3 (Groundball, 34S, EV 72.5 MPH)
|
|
Batting: RHB Mike Buchanan
|
0-0: Ball 1-0: Foul Ball, location: 2F 1-1: SINGLE (Line Drive, 89S, EV 104.4 MPH)
|
|
Pitching: RHP Marco Quezada
|
|
|
Batting: LHB Carey Horncole
|
0-0: Ball Mike Buchanan steals 2nd base 1-0: Ground out 4-3 (Groundball, 4, EV 81.3 MPH)
|
| Top of the 6th over - 0 runs, 1 hit, 0 errors, 1 left on base; Augusta 0 - Greensboro 1 |
| BOTTOM OF THE 6TH |
|
Greensboro Grasshoppers batting - Pitching for Augusta GreenJackets : RHP Josh Harriston
|
|
Batting: RHB Boof Howell
|
0-0: Called Strike 0-1: Ball 1-1: Ball 2-1: Ground out U3 (Groundball, 34, EV 91.3 MPH)
|
|
Batting: RHB Masumitsu Sugiura
|
0-0: SINGLE (Groundball, 56D, EV 98.8 MPH)
|
|
Batting: RHB Jordan Arcidez
|
0-0: Ball Masumitsu Sugiura steals 2nd base 1-0: Ball 2-0: Called Strike 2-1: Foul Ball, location: 2F 2-2: Foul Ball, location: 2F 2-2: 2-RUN HOME RUN (Line Drive, 7LD, EV 94.4 MPH), Distance : 357 ft
|
|
Batting: RHB Bob Raine
|
0-0: Ground out 5-3 (Groundball, 56, EV 81.9 MPH)
|
|
Batting: RHB Wei-guo Tsu
|
0-0: Called Strike 0-1: Ball 1-1: Ball 2-1: Swinging Strike 2-2: Strikes out swinging
|
| Bottom of the 6th over - 2 runs, 2 hits, 0 errors, 0 left on base; Augusta 0 - Greensboro 3 |
| TOP OF THE 7TH |
|
Augusta GreenJackets batting - Pitching for Greensboro Grasshoppers : RHP Marco Quezada
|
|
Batting: LHB Gabe Velez
|
0-0: Called Strike 0-1: Ball 1-1: Ball 2-1: SOLO HOME RUN (Flyball, 89XD, EV 115.0 MPH), Distance : 440 ft
|
|
Batting: RHB Chris King
|
0-0: Ball 1-0: Ground out 4-3 (Groundball, 4M, EV 91.9 MPH)
|
|
Batting: LHB Terry Ebersole
|
0-0: Ball 1-0: Called Strike 1-1: Ball 2-1: Foul Ball, location: 2F 2-2: Ground out 4-3 (Groundball, 4, EV 80.0 MPH)
|
|
Batting: RHB Doug Kennie
|
0-0: Ball 1-0: Ball 2-0: Called Strike 2-1: Ball 3-1: Foul Ball, location: 2F 3-2: Base on Balls
|
|
Batting: RHB Juan Flores
|
0-0: Ball 1-0: Ball 2-0: Ball 3-0: Base on Balls Doug Kennie to second
|
|
Batting: LHB John Whitman
|
0-0: Called Strike 0-1: SINGLE (Groundball, 34D, EV 98.1 MPH) Doug Kennie to third Juan Flores to second Runner from 3rd tries for Home, throw by RF and OUT! 9-2
|
| Top of the 7th over - 1 run, 2 hits, 0 errors, 2 left on base; Augusta 1 - Greensboro 3 |
| BOTTOM OF THE 7TH |
|
Greensboro Grasshoppers batting - Pitching for Augusta GreenJackets : RHP Josh Harriston
|
|
Pitching: RHP Josh Aronhalt
|
|
|
Batting: RHB Tom Thompson
|
0-0: Called Strike 0-1: Swinging Strike 0-2: Ball 1-2: Foul Ball, location: 2F 1-2: Foul Ball, location: 2F 1-2: Ball 2-2: Ball 3-2: Foul Ball, location: 2F 3-2: Ground out 6-3 (Groundball, P, EV 77.5 MPH)
|
|
Batting: RHB Torquato Obawole
|
0-0: Ball 1-0: Called Strike 1-1: SINGLE (Groundball, 4S, EV 68.8 MPH) (infield hit)
|
|
Batting: RHB Isaiah Brockman
|
0-0: Ball 1-0: Called Strike 1-1: Fielders Choice at 2nd, 5-4 (Groundball, 56S, EV 90.6 MPH)
|
|
Batting: RHB Jake Shelton
|
0-0: Called Strike 0-1: Foul Ball, location: 2F 0-2: Ball 1-2: SINGLE (Line Drive, 9LS, EV 111.9 MPH) Isaiah Brockman to second
|
|
Batting: RHB Boof Howell
|
0-0: Called Strike 0-1: Foul Ball, location: 2F 0-2: Foul Ball, location: 2F 0-2: Strikes out swinging
|
| Bottom of the 7th over - 0 runs, 2 hits, 0 errors, 2 left on base; Augusta 1 - Greensboro 3 |
| TOP OF THE 8TH |
|
Augusta GreenJackets batting - Pitching for Greensboro Grasshoppers : RHP Marco Quezada
|
|
Pitching: RHP Tamirat Abboud
|
|
|
Batting: RHB Danny Gallo
|
0-0: Ball 1-0: Ball 2-0: Ball 3-0: Called Strike 3-1: Hit by Pitch
|
|
Batting: RHB Mike Buchanan
|
0-0: Called Strike 0-1: Called Strike 0-2: Ball Passed Ball! Danny Gallo to second 1-2: Strikes out swinging
|
|
Batting: LHB Carey Horncole
|
0-0: Ball 1-0: Ball 2-0: Called Strike 2-1: Called Strike 2-2: Ball 3-2: Fly out, F9 (Flyball, 9S, EV 76.9 MPH)
|
|
Batting: LHB Gabe Velez
|
0-0: Ball 1-0: Foul Ball, location: 2F 1-1: Ball 2-1: SINGLE (Line Drive, 6MD, EV 97.5 MPH) Danny Gallo to third Runner from 3rd tries for Home, throw by CF and OUT! 8-2
|
| Top of the 8th over - 0 runs, 1 hit, 0 errors, 1 left on base; Augusta 1 - Greensboro 3 |
| BOTTOM OF THE 8TH |
|
Greensboro Grasshoppers batting - Pitching for Augusta GreenJackets : RHP Josh Aronhalt
|
|
Batting: RHB Masumitsu Sugiura
|
0-0: Ball 1-0: Swinging Strike 1-1: Swinging Strike 1-2: Strikes out swinging
|
|
Batting: RHB Jordan Arcidez
|
0-0: Foul Ball, location: 2F 0-1: Ball 1-1: Swinging Strike 1-2: Foul Ball, location: 2F 1-2: Foul Ball, location: 2F 1-2: Strikes out swinging
|
|
Batting: RHB Bob Raine
|
0-0: Ball 1-0: Ball 2-0: Called Strike 2-1: Ball 3-1: SINGLE (Groundball, 6D, EV 93.8 MPH)
|
|
Batting: RHB Wei-guo Tsu
|
0-0: Fly out, F8 (Line Drive, 8LD, EV 96.3 MPH)
|
| Bottom of the 8th over - 0 runs, 1 hit, 0 errors, 1 left on base; Augusta 1 - Greensboro 3 |
| TOP OF THE 9TH |
|
Augusta GreenJackets batting - Pitching for Greensboro Grasshoppers : RHP Tamirat Abboud
|
|
Pitching: RHP Tim Poist
|
|
|
Batting: RHB Chris King
|
0-0: Called Strike 0-1: Ball 1-1: Ball 2-1: Fly out, F4 (Flyball, 4D, EV 85.6 MPH)
|
|
Batting: LHB Terry Ebersole
|
0-0: Ball 1-0: Fly out, F8 (Line Drive, 8LM, EV 91.9 MPH)
|
|
Batting: RHB Doug Kennie
|
0-0: Ball 1-0: Ball 2-0: Ball 3-0: Called Strike 3-1: Called Strike 3-2: Fly out, F8 (Flyball, 8RD, EV 107.5 MPH)
|
| Top of the 9th over - 0 runs, 0 hits, 0 errors, 0 left on base; Augusta 1 - Greensboro 3 |
|